[Event "Early-Titled-Tuesday-Blitz-February-20-2024"]
[Site "Chess.com"]
[Date "2024.02.20"]
[Round "3"]
[White "koncheto"]
[Black "invisible_s0ul"]
[Result "1/2-1/2"]
[WhiteElo "2422"]
[BlackElo "2203"]
[TimeControl "180+1"]
[EndTime "8:28:30 PST"]
[Termination "Game drawn by repetition"]

1. e4 c5 2. Nf3 Nc6 3. d4 cxd4 4. Nxd4 Nf6 5. Nc3 e6 6. a3 Bc5 7. Be3 Qb6 8. Na4 Qa5+ 9. c3 Bxd4 10. Bxd4 Nxe4 11.
b4 Qf5 12. Be3 d5 13. Bd3 Ne5 14. O-O Nxd3 15. Qxd3 O-O 16. Rfe1 Bd7 17. Nc5 Nxc5 18. Qxf5 e5 19. Bxc5 Bxf5 20. Rxe5 Be6 21. Rd1 Rfd8 22. a4 b6 23. Bd4 Rac8 24. Ra1 Rc4 25. a5 b5 26. Re3 a6 27. Rd1 g6 28. Bc5 Rc8 29.
Red3 Kg7 30. Bd4+ Kg8 31. Bc5 Kg7 32. Bd4+ Kg8 33. Bc5 1/2-1/2

[Event "Early-Titled-Tuesday-Blitz-February-20-2024"]
[Site "Chess.com"]
[Date "2024.02.20"]
[Round "3"]
[White "PositionalPanther"]
[Black "Alexander_Donchenko"]
[Result "0-1"]
[WhiteElo "2514"]
[BlackElo "2924"]
[TimeControl "180+1"]
[EndTime "8:28:31 PST"]
[Termination "Alexander_Donchenko won by resignation"]

1. Nf3 Nf6 2. g3 g6 3. b3 Bg7 4. Bb2 O-O 5. Bg2 a5 6. a3 d5 7. O-O c6 8. c4 Bg4 9. d3 Nbd7 10. Nbd2 Qb6 11. Bd4 Qa6 12. h3 Bxf3 13. Nxf3 Rfe8 14. Qc2 e5 15. Bb2 e4 16. dxe4 dxe4 17. Ng5 e3 18. f4 h6 19. Nf3 Ne4 20. Bxg7 Kxg7 21. Ne5 Nxe5 22. Bxe4 Nd7 23. Qc3+ Nf6 24. Bc2 c5 25.
Rad1 Kg8 26. Kh2 Qc6 27. Rf3 Ne4 28. Bxe4 Qxe4 29. Qd3 Qc6 30. a4 Re7 31. Rxe3 Rae8 32. Rxe7 Rxe7 33. e3 Re8 34. Re1 Qf3 35. Qe2 Qe4 36. Qd2 h5 37. Kg1 b6 38. Kf2 Qf5 39. Rh1 Qf6 40. Kg2 Rd8 41. Qe2 Qc6+ 42. Kh2 Qe4 43.
Rd1 Rxd1 44. Qxd1 Qxe3 45. Qc2 Qf3 46. Qb2 h4 47. gxh4 Qxf4+ 48. Kg2 Qxh4 49. Qe2 Qg5+ 50. Kh2 Qf4+ 51. Kh1 Qd6 52. Qe3 Kg7 53. Qc3+ Qf6 54. Qe3 Qb2 55. Kg1 Qd4 0-1

[Event "Early-Titled-Tuesday-Blitz-February-20-2024"]
[Site "Chess.com"]
[Date "2024.02.20"]
[Round "3"]
[White "aRk_iN"]
[Black "poummba"]
[Result "1-0"]
[WhiteElo "2179"]
[BlackElo "2367"]
[TimeControl "180+1"]
[EndTime "8:28:31 PST"]
[Termination "aRk_iN won on time"]

1. d4 d5 2. c4 e6 3. Nc3 Nf6 4. cxd5 exd5 5. Bg5 c6 6. e3 Be6 7. Bd3 Nbd7 8. f4 h6 9. Bh4 g5 10. f5 gxh4 11. fxe6 fxe6 12. Bg6+ Ke7 13. Nf3 h3 14.
gxh3 Qb6 15. Qc2 Kd8 16. O-O-O Rc8 17. Kb1 Kc7 18. e4 Kb8 19. e5 Ng8 20. Bf7 c5 21.
Qg6 cxd4 22. Ne2 Ba3 23. Rd2 Bb4 24. Rxd4 Ne7 25. Qxe6 Qb5 26. Nc1 Rc6 27. Qg4 Bc5 28.
Rdd1 Rhc8 29. Nb3 1-0

[Event "Early-Titled-Tuesday-Blitz-February-20-2024"]
[Site "Chess.com"]
[Date "2024.02.20"]
[Round "3"]
[White "WiktoriaPOL"]
[Black "Young_Catalan_Player09"]
[Result "0-1"]
[WhiteElo "2286"]
[BlackElo "2556"]
[TimeControl "180+1"]
[EndTime "8:28:32 PST"]
[Termination "Young_Catalan_Player09 won by checkmate"]

1. c4 g6 2. Nc3 Bg7 3. g3 e5 4. Bg2 d6 5. e4 Nc6 6. Nge2 f5 7. d3 Nf6 8. O-O O-O 9. h3 Be6 10. Be3 Qd7 11. Kh2 fxe4 12. dxe4 Bxc4 13. Nd5 Bxd5 14.
exd5 Ne7 15. Rc1 Nf5 16. Qc2 Rac8 17. Nc3 Nh5 18. g4 Nxe3 19. fxe3 Nf6 20. Qe2 Bh6 21. Rc2 c5 22. dxc6 bxc6 23. Qe1 Qe7 24. Rcf2 d5 25. Qe2 Bg5 26. e4 d4 27. Na4 c5 28.
Qc4+ Kg7 29. Rc2 Bf4+ 30. Kh1 Nxg4 31. Nxc5 Ne3 32. Ne6+ Kh6 33. Qxc8 Rxc8 34. Rxc8 Qxe6 35. Rfc1 Qf6 36. R1c6 Qg5 37. R6c7 Qxg2# 0-1

[Event "Early-Titled-Tuesday-Blitz-February-20-2024"]
[Site "Chess.com"]
[Date "2024.02.20"]
[Round "3"]
[White "mbchess97"]
[Black "jodarmarlon1985"]
[Result "1-0"]
[WhiteElo "2452"]
[BlackElo "2190"]
[TimeControl "180+1"]
[EndTime "8:28:32 PST"]
[Termination "mbchess97 won on time"]

1. c4 e5 2. g3 Nf6 3. Bg2 d5 4.
cxd5 Nxd5 5. Nf3 Nc6 6. d3 Be7 7. O-O O-O 8. Nc3 Nb6 9. a4 a5 10. Be3 Be6 11. Rc1 f6 12. Nb5 Nd5 13. Bc5 Bxc5 14.
Rxc5 Qe7 15. Qc1 Rac8 16. Nd2 Ndb4 17. Bxc6 Nxc6 18. Rc3 Bh3 19. Re1 f5 20. Nf3 e4 21.
Ng5 Bg4 22. dxe4 f4 23. Nf3 Qxe4 24. Rc4 Qg6 25. Rxf4 Bxf3 26. exf3 h6 27. Rxf8+ Rxf8 28. Nxc7 Rxf3 29. Nd5 Qf7 30. Qd2 Rf5 31. Nf4 Kh7 32. Qd3 Kh8 33. Re6 Ne5 34. Qd5 1-0

[Event "Early-Titled-Tuesday-Blitz-February-20-2024"]
[Site "Chess.com"]
[Date "2024.02.20"]
[Round "3"]
[White "gm_rashid"]
[Black "tuschessCM1"]
[Result "0-1"]
[WhiteElo "2462"]
[BlackElo "2672"]
[TimeControl "180+1"]
[EndTime "8:28:33 PST"]
[Termination "tuschessCM1 won by resignation"]

1. e4 c6 2. d4 d5 3. exd5 cxd5 4. Bd3 Nc6 5. c3 Nf6 6. Bf4 Bg4 7. f3 Bh5 8. Ne2 e6 9. Nd2 Bg6 10. O-O Bxd3 11.
Nb3 Bc2 12. Qxc2 Bd6 13. Rfe1 O-O 14. Qd2 b6 15. Nec1 Ne8 16. Nd3 Bxf4 17. Qxf4 Nd6 18. Nd2 Rc8 19. Re2 Na5 20. Rae1 Nac4 21. Nxc4 Nxc4 22. Ne5 b5 23. a3 a5 24. Nd3 Qb6 25.
Nc5 Rc7 26. h4 b4 27. h5 h6 28.
axb4 axb4 29. cxb4 Re7 30. Nd3 f6 31. Nc5 e5 32. Qf5 Qxb4 33. Ne6 Rfe8 34. Nc5 Nd6 35. Qg4 Nb5 36. Nd3 Qxd4+ 37. Qxd4 Nxd4 38. Rd2 Rb8 39. b4 Rc7 40. Rb2 Rc3 41. Nc5 Rxc5 0-1

[Event "Early-Titled-Tuesday-Blitz-February-20-2024"]
[Site "Chess.com"]
[Date "2024.02.20"]
[Round "3"]
[White "Russian_berezka"]
[Black "David_George21"]
[Result "0-1"]
[WhiteElo "2549"]
[BlackElo "2329"]
[TimeControl "180+1"]
[EndTime "8:28:33 PST"]
[Termination "David_George21 won by resignation"]

1. d4 Nf6 2. Bf4 e6 3. e3 c5 4.
c3 Nc6 5. Nd2 d5 6. Bd3 Bd6 7.
Bxd6 Qxd6 8. f4 b6 9. a3 Bb7 10.
Ngf3 Ne7 11. Qb1 h6 12. Ne5 Nd7 13. O-O O-O 14. Rf3 f6 15. Ng4 e5 16. fxe5 fxe5 17.
Rg3 e4 18. Bb5 Nf5 19. Rh3 Bc6 20. Bxc6 Qxc6 21. Qd1 Qg6 22. Qe2 h5 23. Nf2 Nf6 24. Rf1 Ng4 25. Nd1 Rf6 26. dxc5 bxc5 27. c4 Raf8 28.
cxd5 Nd6 29. Rg3 Rxf1+ 30. Nxf1 Qf5 31. h3 Ne5 32. Qf2 h4 33. Rg4 Nxg4 34. hxg4 Qxg4 35. Qe1 h3 36. g3 Qf3 37. Qf2 Qxd1 38. Qe1 Qxe1 0-1

[Event "Early-Titled-Tuesday-Blitz-February-20-2024"]
[Site "Chess.com"]
[Date "2024.02.20"]
[Round "3"]
[White "Kostukov_Alex"]
[Black "Kumi29"]
[Result "0-1"]
[WhiteElo "2353"]
[BlackElo "2592"]
[TimeControl "180+1"]
[EndTime "8:28:34 PST"]
[Termination "Kumi29 won on time"]

1. g3 e5 2. c4 h5 3. h3 h4 4. g4 Bc5 5. e3 Nc6 6. Nc3 a6 7. Bg2 d6 8. Nge2 f5 9. d4 exd4 10. exd4 Ba7 11. g5 Bd7 12. Be3 Nge7 13. O-O Ng6 14.
Qd2 O-O 15. Nd5 Rb8 16. b4 Nce7 17. Nef4 c6 18. Nxe7+ Nxe7 19. d5 Bxe3 20. Qxe3 Qe8 21. Rfe1 Ng6 22. Qxe8 Bxe8 23. Rxe8 Nxf4 24. Re7 cxd5 25.
Bxd5+ Kh7 26. Kh2 b5 27. Rae1 bxc4 28. Bxc4 Rxb4 29. Rc7 Rb2 30. Ree7 Rxf2+ 31. Kh1 Nh5 32. Bf7 Rb8 33. Re1 Ng3+ 34. Kg1 Rbb2 0-1

[Event "Early-Titled-Tuesday-Blitz-February-20-2024"]
[Site "Chess.com"]
[Date "2024.02.20"]
[Round "3"]
[White "Lady_Nika"]
[Black "AsaHoffmann"]
[Result "0-1"]
[WhiteElo "2562"]
[BlackElo "2350"]
[TimeControl "180+1"]
[EndTime "8:28:34 PST"]
[Termination "AsaHoffmann won by checkmate"]

1. e4 d6 2. d4 Nf6 3. f3 c6 4. c4 Nbd7 5. Nc3 e5 6. d5 Be7 7. Be3 O-O 8. Qd2 c5 9. Bd3 a6 10. Nge2 Rb8 11. a4 b6 12. g4 Ne8 13. h4 Bxh4+ 14.
Kd1 h6 15. Kc2 Nc7 16. Rag1 Bg5 17. f4 exf4 18. Nxf4 Ne5 19. Qe2 Bd7 20. Rh5 b5 21. Rxg5 Qxg5 22. Ne6 Nxe6 23. Bxg5 Nxg5 24. axb5 axb5 25.
cxb5 c4 26. Bxc4 Rfc8 27. b3 Ngf3 28. Rd1 Bxg4 29. Qg2 Ng5 30. Rg1 Bf3 31. Qg3 Nxc4 32. bxc4 Rxc4 33. Qxd6 Rxc3+ 34. Kb2 Rxb5+ 35. Ka2 Rc8 36. Qa6 Rcb8 37. Rc1 Bxe4 38. Rc8+ Kh7 39. Rxb8 Bxd5+ 40. Ka3 Rxb8 41. Qd3+ g6 42. Qxd5 Re8 43. Kb4 Re6 44. Qd7 Kg7 45. Qd4+ Rf6 46. Kc3 Ne6 47. Qe5 h5 48. Kd3 h4 49. Ke3 h3 50. Kd2 Nf4 51. Qe4 Rd6+ 52. Kc3 Nd5+ 53. Kd4 Nf6+ 54. Ke5 Nxe4 55. Kxe4 f5+ 56. Ke5 Rc6 57. Kf4 Kf6 58. Kg3 g5 59. Kxh3 Rc3+ 60. Kg2 Ke5 61. Kf2 Ke4 62. Ke2 Rc2+ 63. Kf1 Ke3 64. Kg1 Kf3 65.
Kh1 Kg3 66. Kg1 Rc1# 0-1

[Event "Early-Titled-Tuesday-Blitz-February-20-2024"]
[Site "Chess.com"]
[Date "2024.02.20"]
[Round "3"]
[White "YairParkhov"]
[Black "Viktor_Poddubnyi"]
[Result "1-0"]
[WhiteElo "2560"]
[BlackElo "2292"]
[TimeControl "180+1"]
[EndTime "8:28:34 PST"]
[Termination "YairParkhov won on time"]

1. e4 g6 2. d4 Bg7 3. Nf3 d6 4.
Be2 Nf6 5. Nc3 c6 6. a4 O-O 7. O-O Nbd7 8. h3 e5 9. dxe5 dxe5 10. Be3 Qe7 11. Nd2 Nc5 12. b4 Ne6 13. Qb1 Rd8 14. a5 Nd4 15. Bd3 Nh5 16. Ne2 Be6 17. Bxd4 exd4 18.
f4 f5 19. e5 g5 20. Nf3 Nxf4 21. Nxf4 gxf4 22. Qc1 Bh6 23. Qd2 Kh8 24. Qf2 Rg8 25. Nxd4 Bd5 26. Nf3 Raf8 27. Rae1 Rg7 28. e6 Rfg8 29. Re2 Rxg2+ 30. Qxg2 Rxg2+ 31. Rxg2 Qxe6 32. Re1 Qf7 33. Ne5 Qc7 34. Nf3 Bg7 35. Bxf5 Bc3 36. Re8+ 1-0

[Event "Early-Titled-Tuesday-Blitz-February-20-2024"]
[Site "Chess.com"]
[Date "2024.02.20"]
[Round "3"]
[White "RianKapriaga"]
[Black "2KTNGO"]
[Result "0-1"]
[WhiteElo "2259"]
[BlackElo "2534"]
[TimeControl "180+1"]
[EndTime "8:28:34 PST"]
[Termination "2KTNGO won on time"]

1. d4 Nf6 2. Nf3 e6 3. Bf4 Nh5 4. Bg3 Nxg3 5. hxg3 g6 6. e3 Bg7 7. c3 d6 8. Nbd2 Nd7 9. Bb5 a6 10. Bd3 b6 11. Qe2 Bb7 12. Be4 Bxe4 13. Nxe4 d5 14. Ned2 c5 15. O-O-O Qc7 16. Kb1 b5 17. e4 dxe4 18.
Nxe4 cxd4 19. Nxd4 Ne5 20. Ng5 Qe7 21. f4 Nc4 22. Rxh7 Rxh7 23. Nxh7 Rc8 24. Ng5 b4 25.
cxb4 Bxd4 26. Rxd4 Qxb4 27. Rd3 Nxb2 28. Rb3 Qc5 29. Qe1 Na4 30. Ne4 Qc2+ 31. Ka1 Rd8 32. Nf6+ Kf8 0-1

[Event "Early-Titled-Tuesday-Blitz-February-20-2024"]
[Site "Chess.com"]
[Date "2024.02.20"]
[Round "3"]
[White "Atousa"]
[Black "AnaKuchava"]
[Result "0-1"]
[WhiteElo "2450"]
[BlackElo "2217"]
[TimeControl "180+1"]
[EndTime "8:28:34 PST"]
[Termination "AnaKuchava won by resignation"]

1. Nf3 d5 2. g3 c5 3. Bg2 Nc6 4. O-O Nf6 5. d3 e5 6. Nbd2 Bd6 7. e4 d4 8. Nc4 Bc7 9. a4 O-O 10. Nh4 Rb8 11. Nf5 a6 12. h3 b5 13. axb5 axb5 14.
Nd2 Be6 15. g4 c4 16. Nf3 Ne8 17. Ng5 Qd7 18. Nxe6 fxe6 19. Ng3 Bd8 20. Bd2 Bh4 21. Ra6 Nd6 22. Qa1 Qb7 23. Ne2 Ra8 24. Rxa8 Rxa8 25. Qd1 b4 26. f4 c3 27. bxc3 bxc3 28. Bc1 Ra1 29. fxe5 Nxe5 30. Kh1 Bg5 31. Qe1 Bxc1 32. Nxc1 Qb2 33. Qf2 Ndf7 34. Ne2 Rxf1+ 35. Bxf1 Qxc2 36.
Nxd4 Qxf2 0-1

[Event "Early-Titled-Tuesday-Blitz-February-20-2024"]
[Site "Chess.com"]
[Date "2024.02.20"]
[Round "3"]
[White "JaackCamel"]
[Black "ExchangeAB"]
[Result "0-1"]
[WhiteElo "2195"]
[BlackElo "2438"]
[TimeControl "180+1"]
[EndTime "8:28:35 PST"]
[Termination "ExchangeAB won by resignation"]

1. d4 d5 2. c4 c6 3. cxd5 cxd5 4. Bf4 Nf6 5. e3 Nc6 6. Nc3 Bf5 7. Qb3 Na5 8. Qa4+ Bd7 9. Qc2 Rc8 10. Bd3 e6 11. Nge2 b5 12. a3 Be7 13. O-O O-O 14. h3 Nc4 15.
Rfd1 a5 16. Qb3 a4 17. Qa2 Na5 18. Nxb5 Nb3 19. Rab1 Qb6 20. Nbc3 Bd6 21. Bxd6 Qxd6 22. Nc1 Rb8 23. Nxb3 axb3 24. Qa1 e5 25. dxe5 Qxe5 26.
Ne2 Qg5 27. Nf4 d4 28. Rf1 dxe3 29. fxe3 Qe5 30. Rbe1 Rfe8 31. Qb1 Bc6 32. Bf5 g6 33. Bd3 Be4 34. Bxe4 Nxe4 35. Qd3 Qxb2 36. Nd5 Qe5 37. Rf4 Kg7 38. Ref1 f5 39. R4f3 Rbd8 40. Rd1 b2 41.
Qd4 Qxd4 0-1

[Event "Early-Titled-Tuesday-Blitz-February-20-2024"]
[Site "Chess.com"]
[Date "2024.02.20"]
[Round "3"]
[White "tptagain"]
[Black "Nikolakis2014"]
[Result "1-0"]
[WhiteElo "2973"]
[BlackElo "2740"]
[TimeControl "180+1"]
[EndTime "8:28:36 PST"]
[Termination "tptagain won by resignation"]

1. d4 Nf6 2. Nf3 g6 3. Bg5 Bg7 4. Nbd2 O-O 5. e4 d6 6. h3 c5 7. dxc5 dxc5 8. Bc4 Nc6 9. Qe2 Qc7 10. e5 Ne8 11. Bf4 Na5 12. Bd5 Qd8 13. Be4 Nc7 14. O-O Ne6 15. Bg3 Qc7 16. Bd5 Rb8 17. Nb3 Nc6 18. Bxe6 Bxe6 19. Nxc5 Nd8 20. Nxe6 Nxe6 21. c3 b5 22. Rfd1 Rfd8 23. h4 b4 24. c4 a5 25. Rd5 Rdc8 26. b3 a4 27. Nd4 Qb6 28.
Nxe6 Qxe6 29. h5 Ra8 30. Rad1 f5 31. Bf4 gxh5 32. Qxh5 Qg6 33. Qh4 Ra7 34. Bg5 Kf7 35.
Rd7 Rxd7 36. Rxd7 Re8 37. Bxe7 Kg8 38. Bf6 Bf8 39. Qd4 Bh6 40. Qd5+ Kf8 41. c5 f4 42. c6 f3 43. Qxf3 Kg8 44. Qd5+ Kf8 45. c7 Bf4 46. Qc5+ Kg8 47. Qc4+ Kf8 48. Qxf4 1-0

[Event "Early-Titled-Tuesday-Blitz-February-20-2024"]
[Site "Chess.com"]
[Date "2024.02.20"]
[Round "3"]
[White "TokChess"]
[Black "Andrey_Klymchuk"]
[Result "0-1"]
[WhiteElo "2544"]
[BlackElo "2733"]
[TimeControl "180+1"]
[EndTime "8:28:36 PST"]
[Termination "Andrey_Klymchuk won by resignation"]

1. e4 c5 2. Nf3 Nc6 3. a4 g6 4. Bb5 Bg7 5. O-O Nf6 6. Re1 O-O 7. d3 d6 8. Nc3 Bg4 9. Bxc6 bxc6 10. h3 Bxf3 11.
Qxf3 Nd7 12. Qe2 Rb8 13. Ra2 Qc7 14. Bf4 Rb4 15. Nd1 Rfb8 16. c3 Rb3 17. Ne3 e5 18. Bg3 Nf8 19. Qc2 Ne6 20. Nc4 f6 21. Ra3 Rxa3 22. Nxa3 d5 23. h4 Qb7 24. Re2 Qb3 25.
Kf1 Bf8 26. Qxb3 Rxb3 27. Nb1 Bh6 28. Ke1 Bc1 29. Kd1 Bf4 30. Kc2 Rb7 31. Nd2 Bxd2 32. Rxd2 Kf7 33. Re2 Ke7 34. Re1 c4 35. exd5 cxd5 36.
dxc4 dxc4 37. Rd1 Nc5 38. Rd5 Nxa4 39. Ra5 Nxb2 40. f4 e4 41. f5 Nd3 42. fxg6 hxg6 43.
Ra6 Rb2+ 44. Kd1 Rxg2 45. Bd6+ Kd7 0-1

[Event "Early-Titled-Tuesday-Blitz-February-20-2024"]
[Site "Chess.com"]
[Date "2024.02.20"]
[Round "3"]
[White "ansko1999"]
[Black "N4700000"]
[Result "1-0"]
[WhiteElo "2695"]
[BlackElo "2478"]
[TimeControl "180+1"]
[EndTime "8:28:36 PST"]
[Termination "ansko1999 won on time"]

1. Nf3 g6 2. e4 c5 3. Bc4 Bg7 4. c3 Nc6 5. d4 cxd4 6. cxd4 d6 7.
h3 Nf6 8. Qe2 O-O 9. Nc3 e6 10.
Bb3 a6 11. O-O b5 12. d5 exd5 13. Nxd5 Nxd5 14. Bxd5 Bb7 15. Rd1 Qe7 16. Bg5 Qc7 17.
Rac1 Rac8 18. Bf4 Rfd8 19. Qd2 Qe7 20. Bg5 Bf6 21. a3 Bxg5 22. Nxg5 Rf8 23. h4 Ne5 24. Bxb7 Qxb7 25. Qxd6 Rxc1 26. Rxc1 Nc4 27. Qf6 Re8 28. Rd1 Qe7 29. Qf4 1-0

[Event "Early-Titled-Tuesday-Blitz-February-20-2024"]
[Site "Chess.com"]
[Date "2024.02.20"]
[Round "3"]
[White "brm72"]
[Black "manipun1"]
[Result "1-0"]
[WhiteElo "2627"]
[BlackElo "2414"]
[TimeControl "180+1"]
[EndTime "8:28:39 PST"]
[Termination "brm72 won on time"]

1. e4 d6 2. d4 Nf6 3. Nc3 e5 4.
dxe5 dxe5 5. Qxd8+ Kxd8 6. Bg5 Be6 7. O-O-O+ Nd7 8. Nf3 Bd6 9. Nb5 Ke7 10. Nxd6 cxd6 11.
Bb5 Nc5 12. Rhe1 a6 13. Bf1 Rac8 14. Kb1 Rhd8 15. Nd2 h6 16. Bxf6+ Kxf6 17. Bc4 b5 18. Bxe6 Nxe6 19. Nf1 d5 20. exd5 Nf4 21. Ne3 Rc5 22.
g3 Ng6 23. Rd2 Rd6 24. b3 h5 25. Kb2 Ne7 26. c4 bxc4 27. bxc4 Nc8 28. Kc3 a5 29. Rb1 Nb6 30. Kd3 e4+ 31. Kd4 Rc8 32. c5 Nd7 33. cxd6 Ne5 34. Kxe4 1-0

[Event "Early-Titled-Tuesday-Blitz-February-20-2024"]
[Site "Chess.com"]
[Date "2024.02.20"]
[Round "3"]
[White "Actuary44"]
[Black "Mr_November18"]
[Result "0-1"]
[WhiteElo "2514"]
[BlackElo "2132"]
[TimeControl "180+1"]
[EndTime "8:28:39 PST"]
[Termination "Mr_November18 won by checkmate"]

1. e4 c5 2. d4 cxd4 3. c3 dxc3 4. Nxc3 Nc6 5. f4 d6 6. Nf3 e6 7. Bd3 Nf6 8. O-O Be7 9. Kh1 O-O 10. Qe1 e5 11. f5 d5 12. exd5 Nxd5 13. Nxd5 Qxd5 14. Be4 Qb5 15. Be3 Bf6 16. g4 Nd4 17. g5 Nxf3 18. Rxf3 Bd8 19. f6 g6 20. Qh4 Kh8 21. Rd1 Bb6 22. Qh6 Rg8 23. Bd5 Qe2 24. Rdf1 Bxe3 25. Bxf7 Bg4 26. R3f2 Bxf2 27. Rxf2 Qe4+ 28. Kg1 Qe1+ 29.
Rf1 Qe3+ 30. Rf2 Rac8 31. Bxg8 Rc1+ 32. Kg2 Qe4+ 33. Kg3 Rg1+ 34. Kh4 Bf5+ 35. Rf4 Qxf4# 0-1

[Event "Early-Titled-Tuesday-Blitz-February-20-2024"]
[Site "Chess.com"]
[Date "2024.02.20"]
[Round "3"]
[White "annamaja"]
[Black "KnightmareJoker"]
[Result "0-1"]
[WhiteElo "2382"]
[BlackElo "2181"]
[TimeControl "180+1"]
[EndTime "8:28:41 PST"]
[Termination "KnightmareJoker won by checkmate"]

1. e4 e5 2. Nf3 Nc6 3. Bb5 a6 4. Ba4 Nf6 5. d3 b5 6. Bb3 Bc5 7. O-O d6 8. c3 Bb6 9. a4 Rb8 10. axb5 axb5 11. h3 h6 12. Be3 O-O 13. Nbd2 d5 14.
Bxb6 Rxb6 15. exd5 Nxd5 16. Re1 Nf4 17. Nxe5 Nxe5 18.
Rxe5 Rg6 19. Qf3 Nxg2 20. Kh2 Nh4 21. Qe3 Nf5 22. Qe4 Qf6 23. Ra8 Nd6 24. Qe3 Qh4 25. Nf1 Rf6 26. Ng3 Qxh3+ 27. Kg1 Rg6 28. Bd5 Nf5 29.
Rxf5 Qxf5 30. Be4 Qg5 31. Bxg6 Qxg6 32. Rb8 Qc6 33. Qe5 Bb7 34. Rxf8+ Kxf8 35. Nf5 Qh1# 0-1

[Event "Early-Titled-Tuesday-Blitz-February-20-2024"]
[Site "Chess.com"]
[Date "2024.02.20"]
[Round "3"]
[White "InitiatingASC"]
[Black "Dewarfd"]
[Result "1-0"]
[WhiteElo "2384"]
[BlackElo "2145"]
[TimeControl "180+1"]
[EndTime "8:28:41 PST"]
[Termination "InitiatingASC won on time"]

1. d4 Nf6 2. c4 g6 3. Nc3 d5 4. Nf3 Bg7 5. Bf4 O-O 6. e3 c6 7. Be2 Be6 8. c5 Bc8 9. Ne5 Nfd7 10. Nd3 e5 11. dxe5 Re8 12. O-O Qe7 13. e6 fxe6 14.
Bd6 Qf7 15. Qc2 Bf8 16. e4 Bxd6 17. cxd6 d4 18. Na4 e5 19. Ndc5 Qf6 20. Nxb7 Bxb7 21. Qb3+ Kh8 22. Qxb7 Qxd6 23. Qxa8 Qc7 24. Rac1 Rc8 25.
Bg4 Na6 26. Qxc6 Qxc6 27. Rxc6 Rxc6 28. Bxd7 Rc2 29. Bb5 Nc5 30. Nxc5 Rxc5 31. Bd3 Kg7 32. f3 Kf6 33. Kf2 h5 34. Ke2 Kg5 35. Kd2 h4 36. g3 hxg3 37. hxg3 Rc7 38. f4+ Kf6 39. g4 exf4 40. Rxf4+ Kg5 41. Rf8 Rh7 42. Kc2 Rh2+ 43.
Kb3 Kxg4 44. e5 1-0

[Event "Early-Titled-Tuesday-Blitz-February-20-2024"]
[Site "Chess.com"]
[Date "2024.02.20"]
[Round "3"]
[White "Alexchess1984"]
[Black "klimkoj"]
[Result "1-0"]
[WhiteElo "2644"]
[BlackElo "2864"]
[TimeControl "180+1"]
[EndTime "8:28:42 PST"]
[Termination "Alexchess1984 won by resignation"]

1. e4 e5 2. d4 exd4 3. Qxd4 Nc6 4. Qd3 d5 5. Nc3 Nb4 6. Qd2 d4 7. Nd1 Nf6 8. Bd3 c5 9. a3 Nc6 10. Nf3 Be6 11. Ng5 Qd7 12. b3 Bd6 13. O-O Bg4 14. f4 h6 15. Nf3 Bc7 16. Nf2 Bxf3 17. gxf3 O-O-O 18. Kh1 g5 19. f5 Ne5 20. Nd1 g4 21. f4 Nf3 22. Qg2 h5 23. Bd2 Rhe8 24. Rxf3 gxf3 25.
Qxf3 Qc6 26. Nf2 b5 27. a4 a6 28. axb5 axb5 29. Qe2 c4 30. bxc4 bxc4 31. Bxc4 Nxe4 32. Ba6+ Kb8 33. Nxe4 Rxe4 34. Qg2 Qxc2 35. Rc1 Qxc1+ 36. Bxc1 Re1+ 37. Bf1 Rde8 38. Qb2+ Kc8 39. Kg2 h4 40. Ba6+ Kd8 41. Qxd4+ Ke7 42. Ba3+ 1-0

[Event "Early-Titled-Tuesday-Blitz-February-20-2024"]
[Site "Chess.com"]
[Date "2024.02.20"]
[Round "3"]
[White "Zq1"]
[Black "Grandelicious"]
[Result "0-1"]
[WhiteElo "2508"]
[BlackElo "2889"]
[TimeControl "180+1"]
[EndTime "8:28:42 PST"]
[Termination "Grandelicious won on time"]

1. d4 d6 2. Nf3 Nf6 3. c4 g6 4.
Nc3 Bg7 5. e4 O-O 6. Be2 Nbd7 7.
O-O e5 8. Be3 Re8 9. d5 Nh5 10. Re1 a5 11. g3 Bf8 12. Nh4 Ng7 13. Bd3 Be7 14. Ng2 f5 15. f3 Rf8 16. Qd2 Nf6 17.
Bf2 fxe4 18. Nxe4 Nxe4 19. Bxe4 Bf5 20. Be3 Qd7 21. Qd3 b6 22. b3 Rf7 23. Bxf5 gxf5 24. f4 e4 25. Qd2 Nh5 26. Bd4 Bf6 27. Bxf6 Rxf6 28. Ne3 Qg7 29. Qf2 Raf8 30. Kh1 Rh6 31. Rg1 Kh8 32. Rad1 Qg6 33. Rg2 Nf6 34. a3 Qh5 35. Rd2 Rg6 36. Kg1 Re8 37. Qe2 Ng4 38. Nxg4 Rxg4 39. Qe3 Qf7 40. Rc2 Kg8 41. b4 axb4 42.
axb4 Qf6 43. Rgd2 h5 44. Qd4 Qg6 45. Rg2 h4 46. Rce2 hxg3 47. hxg3 Kf8 48. Re3 Kf7 49. c5 Ra8 50. cxd6 Qxd6 51. Re1 Ra4 52. Qc3 Rxb4 53.
Rc1 Ke8 54. Qxc7 Qxc7 55. Rxc7 Rd4 56. d6 Rxd6 57. Ra2 Rxg3+ 58. Kf2 Rf3+ 59. Ke2 Rd7 60.
Rc8+ Ke7 61. Rc6 Rd6 62. Rc7+ Ke6 63. Raa7 Rxf4 64. Re7+ Kd5 0-1

[Event "Early-Titled-Tuesday-Blitz-February-20-2024"]
[Site "Chess.com"]
[Date "2024.02.20"]
[Round "3"]
[White "s-dshubin"]
[Black "Kgutierrez95"]
[Result "1-0"]
[WhiteElo "2364"]
[BlackElo "2106"]
[TimeControl "180+1"]
[EndTime "8:28:42 PST"]
[Termination "s-dshubin won by resignation"]

1. e4 c6 2. d4 d5 3. Nc3 dxe4 4. Nxe4 Bf5 5. Ng3 Bg6 6. h4 h6 7. Nf3 Nd7 8. h5 Bh7 9. Bd3 Bxd3 10. Qxd3 e6 11. Bf4 Qa5+ 12. Bd2 Bb4 13. c3 Be7 14. c4 Qc7 15. O-O-O Ngf6 16. Ne4 O-O 17. g3 c5 18. Bf4 Qa5 19. Kb1 cxd4 20. Nxd4 Nc5 21. Nxf6+ Bxf6 22. Qf3 Rfd8 23. Nb3 Qb4 24. g4 Qxc4 25. Nxc5 Qxc5 26. Bxh6 Qb4 27. Bc1 Rxd1 28. Rxd1 Rc8 29. Qe2 Rd8 30. g5 Rxd1 31. Qxd1 Bxg5 32. Bxg5 Qe4+ 33.
Ka1 f6 34. Bc1 Qf5 35. h6 gxh6 36. Qd8+ Kg7 37. Qe7+ Kg6 38. Qe8+ Kh7 39. Qf7+ Kh8 40. Bxh6 Qh7 41. Qxh7+ Kxh7 42. Be3 Kg6 43. Bxa7 Kf5 44.
a4 Ke4 45. a5 f5 46. b4 Kd3 47. b5 Kc4 48. a6 bxa6 49. b6 Kb5 50. b7 1-0

[Event "Early-Titled-Tuesday-Blitz-February-20-2024"]
[Site "Chess.com"]
[Date "2024.02.20"]
[Round "3"]
[White "DonkyDonkyDonkey"]
[Black "AlexTruskavetsky"]
[Result "1/2-1/2"]
[WhiteElo "2916"]
[BlackElo "2718"]
[TimeControl "180+1"]
[EndTime "8:28:43 PST"]
[Termination "Game drawn by agreement"]

1. e4 c5 2. Nf3 Nc6 3. Bb5 g6 4. O-O Bg7 5. Re1 e5 6. b4 cxb4 7. a3 b3 8. cxb3 Nge7 9. Bb2 O-O 10. b4 a6 11. Bxc6 Nxc6 12. Nc3 d6 13. Nd5 f5 14. d3 f4 15. h3 g5 16. d4 g4 17. hxg4 Bxg4 18. dxe5 Nxe5 19. Bxe5 Bxe5 20. Rc1 Kh8 21. Qb3 Rg8 22. Nxe5 dxe5 23. Rc7 Qg5 24. Rec1 Be6 25. Qf3 Bg4 26. Qd3 Be6 27. Qf3 Rae8 28.
Rxb7 Bc8 29. Rxc8 Rxc8 30. Qh3 h6 31. Ne7 Rc1+ 32. Kh2 Rg7 33. Rb8+ Kh7 34. Nf5 Rf7 35.
Nd6 Rg7 36. Nf5 Rf7 37. Rb6 Rf6 38. Rb7+ Kh8 39. Rg7 Rg6 40. Rb7 Rc2 41. Rb8+ Kh7 42. Rb7+ Kh8 43. Rb8+ Kh7 1/2-1/2

[Event "Early-Titled-Tuesday-Blitz-February-20-2024"]
[Site "Chess.com"]
[Date "2024.02.20"]
[Round "3"]
[White "MKlose11"]
[Black "Iball95"]
[Result "0-1"]
[WhiteElo "2625"]
[BlackElo "2893"]
[TimeControl "180+1"]
[EndTime "8:28:43 PST"]
[Termination "Iball95 won by resignation"]

1. e4 c5 2. Nc3 e6 3. g3 d5 4.
Bg2 Nf6 5. d3 Nc6 6. Nge2 dxe4 7.
Nxe4 Nxe4 8. Bxe4 Bd7 9. O-O Be7 10. Nc3 O-O 11. Be3 Rc8 12. Qh5 g6 13. Qh6 b6 14. Bg2 Bf6 15. Ne4 Bg7 16. Qh3 e5 17.
Qh4 Qxh4 18. gxh4 Rcd8 19. h5 gxh5 20. Rad1 Nb4 21. c3 Nd5 22. Ng3 Nxe3 23. fxe3 h4 24. Nf5 Be6 25. a3 Rd7 26. Be4 Rfd8 27. Nxh4 Bh6 28. Nf5 Bxf5 29. Rxf5 Bxe3+ 30. Kf1 Bf4 31. Ke2 Kh8 32. Rg1 Rg8 33. Rxg8+ Kxg8 34. h4 Kg7 35. h5 h6 36. b4 Rd6 37. Kf3 cxb4 38. axb4 a5 39. bxa5 bxa5 40. d4 f6 41. dxe5 fxe5 42.
c4 a4 43. Bd5 Rd7 44. Ke4 a3 45. c5 a2 46. Bxa2 Rd4+ 47. Kf3 Rd3+ 48. Kf2 Rd2+ 49. Kf3 Rxa2 0-1